| TOP OF THE 1ST |
|
Lexington Legends batting - Pitching for Burlington Bees : RHP Josh Brewer
|
|
Pitching: RHP Josh Brewer
|
|
|
Batting: LHB Edgar Ortiz
|
0-0: Ball 1-0: Ball 2-0: Foul Ball, location: 2F 2-1: Foul Ball, location: 2F 2-2: Strikes out swinging
|
|
Batting: RHB Nate De Jongh
|
0-0: Ball 1-0: Called Strike 1-1: Called Strike 1-2: Strikes out swinging
|
|
Batting: RHB Nick Julien
|
0-0: Called Strike 0-1: Ball 1-1: Ground out 2-3 (Groundball, 13S, EV 69.4 MPH)
|
| Top of the 1st over - 0 runs, 0 hits, 0 errors, 0 left on base; Lexington 0 - Burlington 0 |
| BOTTOM OF THE 1ST |
|
Burlington Bees batting - Pitching for Lexington Legends : LHP Butch Ott
|
|
Pitching: LHP Butch Ott
|
|
|
Batting: RHB Nick Lombardo
|
0-0: Called Strike 0-1: Swinging Strike 0-2: Ball 1-2: Strikes out swinging
|
|
Batting: RHB Danny Bjarnson
|
0-0: Called Strike 0-1: Ball 1-1: Foul Ball, location: 2F 1-2: Ground out 4-3 (Groundball, 4, EV 80.6 MPH)
|
|
Batting: LHB Mutsuo IIda
|
0-0: Ball 1-0: Called Strike 1-1: Foul Ball, location: 2F 1-2: Strikes out swinging
|
| Bottom of the 1st over - 0 runs, 0 hits, 0 errors, 0 left on base; Lexington 0 - Burlington 0 |
| TOP OF THE 2ND |
|
Lexington Legends batting - Pitching for Burlington Bees : RHP Josh Brewer
|
|
Batting: LHB Pablo Serrato
|
0-0: Called Strike 0-1: Ball 1-1: SINGLE (Groundball, 6D, EV 101.2 MPH)
|
|
Batting: SHB Bill Ertl
|
0-0: Ball 1-0: Foul Ball, location: 2F 1-1: Foul Ball, location: 2F 1-2: Strikes out looking
|
|
Batting: RHB Phil Hamby
|
0-0: SINGLE (Popup, 2L, EV 91.2 MPH) Pablo Serrato to second
|
|
Batting: RHB Jesus Malave
|
0-0: Ball 1-0: Foul Ball, location: 2F 1-1: Foul Ball, location: 2F 1-2: Strikes out swinging
|
|
Batting: RHB Justin Goff
|
0-0: Foul Ball, location: 2F 0-1: Swinging Strike 0-2: Ball 1-2: Ball 2-2: Ball 3-2: Strikes out swinging
|
| Top of the 2nd over - 0 runs, 2 hits, 0 errors, 2 left on base; Lexington 0 - Burlington 0 |
| BOTTOM OF THE 2ND |
|
Burlington Bees batting - Pitching for Lexington Legends : LHP Butch Ott
|
|
Batting: RHB Kyler Seitz
|
0-0: Foul Ball, location: 2F 0-1: Swinging Strike 0-2: Ball 1-2: Strikes out swinging
|
|
Batting: RHB Peter Westover
|
0-0: Called Strike 0-1: Swinging Strike 0-2: SINGLE (Line Drive, 4D, EV 104.4 MPH)
|
|
Batting: LHB Dave Hicks
|
0-0: Called Strike 0-1: Ball Peter Westover is caught stealing 2nd base 2-6 1-1: SOLO HOME RUN (Flyball, 78XD, EV 104.4 MPH), Distance : 393 ft
|
|
Batting: RHB Ricky Mejicanos
|
0-0: Ball 1-0: Called Strike 1-1: Ground out 1-3 (Groundball, 13, EV 75.0 MPH)
|
| Bottom of the 2nd over - 1 run, 2 hits, 0 errors, 0 left on base; Lexington 0 - Burlington 1 |
| TOP OF THE 3RD |
|
Lexington Legends batting - Pitching for Burlington Bees : RHP Josh Brewer
|
|
Batting: LHB Danny Pacheco
|
0-0: Ball 1-0: Swinging Strike 1-1: Swinging Strike 1-2: Strikes out swinging
|
|
Batting: LHB Edgar Ortiz
|
0-0: Ball 1-0: Called Strike 1-1: Ground out 5-3 (Groundball, 5, EV 80.0 MPH)
|
|
Batting: RHB Nate De Jongh
|
0-0: Ball 1-0: Called Strike 1-1: Called Strike 1-2: Ball 2-2: Foul Ball, location: 2F 2-2: SINGLE (Groundball, 6MD, EV 103.1 MPH)
|
|
Batting: RHB Nick Julien
|
0-0: Foul Ball, location: 2F 0-1: Ball 1-1: Ball 2-1: Called Strike 2-2: Ball 3-2: Strikes out swinging
|
| Top of the 3rd over - 0 runs, 1 hit, 0 errors, 1 left on base; Lexington 0 - Burlington 1 |
| BOTTOM OF THE 3RD |
|
Burlington Bees batting - Pitching for Lexington Legends : LHP Butch Ott
|
|
Batting: RHB Dean LeCroy
|
0-0: Called Strike 0-1: Ball 1-1: Swinging Strike 1-2: Foul Ball, location: 2F 1-2: Strikes out swinging
|
|
Batting: RHB Wilford Harper
|
0-0: Called Strike 0-1: Ball 1-1: SINGLE (Groundball, 4MD, EV 98.1 MPH)
|
|
Batting: RHB Nick Lombardo
|
0-0: Called Strike 0-1: Called Strike 0-2: Strikes out swinging
|
|
Batting: RHB Danny Bjarnson
|
0-0: Ball 1-0: Swinging Strike 1-1: Ball 2-1: Ground out 6-3 (Groundball, 6M, EV 85.0 MPH)
|
| Bottom of the 3rd over - 0 runs, 1 hit, 0 errors, 1 left on base; Lexington 0 - Burlington 1 |
| TOP OF THE 4TH |
|
Lexington Legends batting - Pitching for Burlington Bees : RHP Josh Brewer
|
|
Pitching: RHP Adam Hefner
|
|
|
Batting: LHB Pablo Serrato
|
0-0: Swinging Strike 0-1: Ball 1-1: Fly out, F7 (Line Drive, 78M, EV 93.8 MPH)
|
|
Batting: SHB Bill Ertl
|
0-0: Ball 1-0: DOUBLE (Line Drive, 89D, EV 104.4 MPH)
|
|
Batting: RHB Phil Hamby
|
0-0: Ball 1-0: Ball 2-0: Ball 3-0: Called Strike 3-1: Foul Ball, location: 2F 3-2: Strikes out swinging, 2-3 out at first.
|
|
Batting: RHB Jesus Malave
|
0-0: Swinging Strike 0-1: Ball 1-1: Ball 2-1: Swinging Strike 2-2: Ground out 6-3 (Groundball, 6MD, EV 83.1 MPH)
|
| Top of the 4th over - 0 runs, 1 hit, 0 errors, 1 left on base; Lexington 0 - Burlington 1 |
| BOTTOM OF THE 4TH |
|
Burlington Bees batting - Pitching for Lexington Legends : LHP Butch Ott
|
|
Batting: LHB Mutsuo IIda
|
0-0: Ball 1-0: Called Strike 1-1: Foul Ball, location: 2F 1-2: Strikes out swinging
|
|
Batting: RHB Kyler Seitz
|
0-0: Swinging Strike 0-1: Swinging Strike 0-2: Ball 1-2: Strikes out swinging
|
|
Batting: RHB Peter Westover
|
0-0: Fly out, F8 (Flyball, 8RS, EV 90.6 MPH)
|
| Bottom of the 4th over - 0 runs, 0 hits, 0 errors, 0 left on base; Lexington 0 - Burlington 1 |
| TOP OF THE 5TH |
|
Lexington Legends batting - Pitching for Burlington Bees : RHP Adam Hefner
|
|
Batting: RHB Justin Goff
|
0-0: Ball 1-0: Ball 2-0: Ball 3-0: Called Strike 3-1: Foul Ball, location: 2F 3-2: Ground out 1-3 (Groundball, 13S, EV 74.4 MPH)
|
|
Batting: LHB Danny Pacheco
|
0-0: Foul Ball, location: 2F 0-1: Swinging Strike 0-2: Strikes out swinging
|
|
Batting: LHB Edgar Ortiz
|
0-0: Ball 1-0: Ball 2-0: Called Strike 2-1: Swinging Strike 2-2: Fly out, F8 (Flyball, 8RM, EV 89.4 MPH)
|
| Top of the 5th over - 0 runs, 0 hits, 0 errors, 0 left on base; Lexington 0 - Burlington 1 |
| BOTTOM OF THE 5TH |
|
Burlington Bees batting - Pitching for Lexington Legends : LHP Butch Ott
|
|
Batting: LHB Dave Hicks
|
0-0: Ball 1-0: Foul Ball, location: 2F 1-1: Ball 2-1: Foul Ball, location: 2F 2-2: Strikes out swinging
|
|
Batting: RHB Ricky Mejicanos
|
0-0: Called Strike 0-1: Swinging Strike 0-2: Ball 1-2: Ball 2-2: Foul Ball, location: 2F 2-2: SINGLE (Groundball, 56S, EV 72.5 MPH) (infield hit)
|
|
Batting: RHB Dean LeCroy
|
0-0: Ball 1-0: Called Strike 1-1: Foul Ball, location: 2F 1-2: Ball 2-2: Fly out, F7 (Flyball, 78M, EV 92.5 MPH)
|
|
Batting: RHB Wilford Harper
|
0-0: Foul Ball, location: 2F Pickoff Throw to First - Out! 1-3
|
| Bottom of the 5th over - 0 runs, 1 hit, 0 errors, 0 left on base; Lexington 0 - Burlington 1 |
| TOP OF THE 6TH |
|
Lexington Legends batting - Pitching for Burlington Bees : RHP Adam Hefner
|
|
Batting: RHB Nate De Jongh
|
0-0: Ball 1-0: Ball 2-0: Ground out 5-3 (Groundball, 56S, EV 71.9 MPH)
|
|
Batting: RHB Nick Julien
|
0-0: Fly out, F7 (Flyball, 78M, EV 95.6 MPH)
|
|
Batting: LHB Pablo Serrato
|
0-0: Ball 1-0: Foul Ball, location: 2F 1-1: Ball 2-1: Ball 3-1: Foul Ball, location: 2F 3-2: Foul Ball, location: 2F 3-2: Ground out 6-3 (Groundball, 6D, EV 81.2 MPH)
|
| Top of the 6th over - 0 runs, 0 hits, 0 errors, 0 left on base; Lexington 0 - Burlington 1 |
| BOTTOM OF THE 6TH |
|
Burlington Bees batting - Pitching for Lexington Legends : LHP Butch Ott
|
|
Batting: RHB Wilford Harper
|
0-0: Ball 1-0: Ground out 4-3 (Groundball, 4D, EV 106.9 MPH)
|
|
Batting: RHB Nick Lombardo
|
0-0: Called Strike 0-1: Fly out, F4 (Popup, 4S, EV 81.2 MPH)
|
|
Batting: RHB Danny Bjarnson
|
0-0: Ball 1-0: Called Strike 1-1: Ball 2-1: Called Strike 2-2: Foul Ball, location: 2F 2-2: Foul Ball, location: 2F 2-2: Strikes out swinging
|
| Bottom of the 6th over - 0 runs, 0 hits, 0 errors, 0 left on base; Lexington 0 - Burlington 1 |
| TOP OF THE 7TH |
|
Lexington Legends batting - Pitching for Burlington Bees : RHP Adam Hefner
|
|
Pitching: RHP Jose Alvarado
|
|
|
Batting: SHB Bill Ertl
|
0-0: Called Strike 0-1: Ball 1-1: Fly out, F7 (Flyball, 78M, EV 96.9 MPH)
|
|
Batting: RHB Phil Hamby
|
0-0: Called Strike 0-1: Ball 1-1: Called Strike 1-2: Strikes out swinging
|
|
Batting: RHB Jesus Malave
|
0-0: Ground out 1-3 (Groundball, 13S, EV 70.0 MPH)
|
| Top of the 7th over - 0 runs, 0 hits, 0 errors, 0 left on base; Lexington 0 - Burlington 1 |
| BOTTOM OF THE 7TH |
|
Burlington Bees batting - Pitching for Lexington Legends : LHP Butch Ott
|
|
Pitching: RHP Tony Jimenez
|
|
|
Batting: LHB Mutsuo IIda
|
0-0: Ball 1-0: Foul Ball, location: 2F 1-1: Foul Ball, location: 2F 1-2: Strikes out swinging
|
|
Batting: RHB Kyler Seitz
|
0-0: Ball 1-0: Called Strike 1-1: Ball 2-1: Ground out 6-3 (Groundball, 6, EV 86.9 MPH)
|
|
Batting: RHB Peter Westover
|
0-0: Ball 1-0: Ball 2-0: Foul Ball, location: 2F 2-1: Foul Ball, location: 2F 2-2: Ground out 1-3 (Groundball, 15S, EV 62.5 MPH)
|
| Bottom of the 7th over - 0 runs, 0 hits, 0 errors, 0 left on base; Lexington 0 - Burlington 1 |
| TOP OF THE 8TH |
|
Lexington Legends batting - Pitching for Burlington Bees : RHP Jose Alvarado
|
|
Now at 2B: Tim Connell
|
|
|
Now at 3B: Nick Lombardo
|
|
|
Now in LF: T.J. Gray
|
|
|
Now in RF: Danny Bjarnson
|
|
|
Batting: RHB Justin Goff
|
0-0: Called Strike 0-1: Ball 1-1: Ball 2-1: Ground out 6-3 (Groundball, 6, EV 93.1 MPH)
|
|
Batting: LHB Danny Pacheco
|
0-0: Called Strike 0-1: SINGLE (Line Drive, 5D, EV 104.4 MPH)
|
|
Batting: LHB Edgar Ortiz
|
0-0: Foul Ball, location: 2F 0-1: Foul Ball, location: 2F 0-2: Ball 1-2: Strikes out swinging
|
|
Batting: RHB Nate De Jongh
|
0-0: Foul Ball, location: 2F 0-1: Ball 1-1: Called Strike 1-2: Strikes out looking
|
| Top of the 8th over - 0 runs, 1 hit, 0 errors, 1 left on base; Lexington 0 - Burlington 1 |
| BOTTOM OF THE 8TH |
|
Burlington Bees batting - Pitching for Lexington Legends : RHP Tony Jimenez
|
|
Batting: LHB Dave Hicks
|
0-0: Ball 1-0: SOLO HOME RUN (Flyball, 89XD, EV 96.9 MPH), Distance : 388 ft
|
|
Batting: RHB T.J. Gray
|
0-0: Ball 1-0: Fly out, F8 (Flyball, 89M, EV 76.2 MPH)
|
|
Batting: SHB Tim Connell
|
0-0: Ball 1-0: SINGLE (Groundball, 6M, EV 91.2 MPH) (infield hit)
|
|
Batting: RHB Wilford Harper
|
0-0: Ball 1-0: Called Strike 1-1: Called Strike 1-2: Strikes out swinging
|
|
Batting: RHB Nick Lombardo
|
0-0: Ball Tim Connell steals 2nd base 1-0: Called Strike 1-1: Swinging Strike 1-2: Ball 2-2: Strikes out swinging
|
| Bottom of the 8th over - 1 run, 2 hits, 0 errors, 1 left on base; Lexington 0 - Burlington 2 |
| TOP OF THE 9TH |
|
Lexington Legends batting - Pitching for Burlington Bees : RHP Jose Alvarado
|
|
Pitching: RHP Josh Reynolds
|
|
|
Batting: RHB Nick Julien
|
0-0: Called Strike 0-1: Swinging Strike 0-2: Foul Ball, location: 2F 0-2: Ball 1-2: Foul Ball, location: 2F 1-2: Ball 2-2: Foul Ball, location: 2F 2-2: SOLO HOME RUN (Line Drive, 78XD, EV 98.1 MPH), Distance : 407 ft
|
|
Batting: LHB Pablo Serrato
|
0-0: DOUBLE (Line Drive, 89XD, EV 103.8 MPH)
|
|
Batting: SHB Bill Ertl
|
0-0: Ball 1-0: Ball 2-0: Ball Wild Pitch! Pablo Serrato to third 3-0: Base on Balls
|
|
Batting: RHB Phil Hamby
|
0-0: Ball 1-0: Ball 2-0: Ball 3-0: Base on Balls Bill Ertl to second
|
|
Batting: RHB Jesus Malave
|
0-0: Ball 1-0: Ball 2-0: Foul Ball, location: 2F 2-1: Swinging Strike 2-2: Strikes out swinging
|
|
Batting: RHB Justin Goff
|
0-0: Ball 1-0: Ball 2-0: Ball 3-0: Called Strike 3-1: Swinging Strike 3-2: Grounds into fielders choice 6-2 (Groundball, 15, EV 75.6 MPH) Bill Ertl to third Phil Hamby to second
|
|
Batting: LHB Danny Pacheco
|
0-0: Ball 1-0: Ball 2-0: Foul Ball, location: 2F 2-1: SINGLE (Line Drive, 7S, EV 95.6 MPH) Bill Ertl scores Phil Hamby to third Justin Goff to second Runner from 3rd tries for Home, SAFE, throw by LF to home
|
|
Pinch Runner at 2nd Jon Shonka:
|
|
|
Batting: LHB Edgar Ortiz
|
0-0: Foul Ball, location: 2F 0-1: Swinging Strike 0-2: Ball 1-2: Ball 2-2: Fly out, F5 (Popup, 5F, EV 62.5 MPH)
|
| Top of the 9th over - 3 runs, 3 hits, 0 errors, 2 left on base; Lexington 3 - Burlington 2 |
| BOTTOM OF THE 9TH |
|
Burlington Bees batting - Pitching for Lexington Legends : RHP Tony Jimenez
|
|
Now at C: Vic Nelson
|
|
|
Batting: RHB Danny Bjarnson
|
0-0: Ground out 4-3 (Groundball, 4M, EV 101.9 MPH)
|
|
Batting: LHB Mutsuo IIda
|
0-0: Swinging Strike 0-1: SINGLE (Line Drive, 9LS, EV 100.0 MPH)
|
|
Batting: RHB Kyler Seitz
|
0-0: Called Strike 0-1: Ball 1-1: Ball 2-1: Fly out, F7 (Flyball, 7S, EV 90.0 MPH)
|
|
Batting: RHB Peter Westover
|
0-0: Ball 1-0: Foul Ball, location: 2F 1-1: Ground out 4-3 (Groundball, 34, EV 89.4 MPH)
|
| Bottom of the 9th over - 0 runs, 1 hit, 0 errors, 1 left on base; Lexington 3 - Burlington 2 |
|